 Dungeon Crawl Stone Soup version 0.29-a0-221-gceb61267dd (webtiles) character file.

Game seed: 18346444781799393788

151727 Azmakalis the Thaumaturge (level 17, -2/105 HPs)
             Began as an Octopode Venom Mage on Feb 25, 2022.
             Was the Champion of Vehumet.
             Shot with an arrow by a deep elf master archer (42 damage)
             ... on level 3 of the Elven Halls on Feb 26, 2022.
             The game lasted 03:03:58 (31026 turns).

Azmakalis the Thaumaturge (Octopode Venom Mage)    Turns: 31026, Time: 03:03:59

Health: -2/105     AC:  7    Str:  7    XL:     17   Next: 56%
Magic:  40/44      EV: 14    Int: 38    God:    Vehumet [******]
Gold:   1414       SH: 10    Dex: 18    Spells: 8/45 levels left

rFire   + . .      SeeInvis +   W - staff of fire {rF+}
rCold   + . .      Faith    .   T - +0 kite shield {rC+} {rC+}
rNeg    + . .      Spirit   .   V - +2 hat
rPois   .          Reflect  .   R - amulet of regeneration
rElec   +          Harm     .   S - ring of see invisible
rCorr   .          Rampage  .   o - ring of magical power {MP+9}
Will    ++++.                   N - ring of positive energy {rN+}
Stlth   +++++.....              L - +6 ring of intelligence
HPRegen 1.07/turn               A - +6 ring of intelligence
MPRegen 0.29/turn               X - ring of willpower
                                Q - ring "Tyxt" {Wiz rElec Will+ Dex+4 Slay+3}
                                p - +4 ring of protection

@: no status effects
A: almost no armour, amphibious, 8 rings, camouflage 1, gelatinous body 1,
(nimble swimmer 1), tentacles, clever 1, strong-willed 1
a: Renounce Religion


You were on level 3 of the Elven Halls.
You worshipped Vehumet.
Vehumet was exalted by your worship.
You visited 5 branches of the dungeon, and saw 23 of its levels.
You also visited: Ossuary and Ice Cave.

You collected 2915 gold pieces.
You spent 1501 gold pieces at shops.

Inventory:

Armour
 T - a +0 kite shield of cold resistance (worn) {rC+}
 V - a +2 hat (worn)
Magical Staves
 W - a staff of fire (weapon) {rF+}
Jewellery
 o - a ring of magical power (right tentacle) {MP+9}
 p - a +4 ring of protection (on tentacle)
 x - an amulet of magic regeneration
 z - a +4 ring of protection
 A - a +6 ring of intelligence (on tentacle)
 F - a ring of protection from fire
 I - a ring of protection from cold
 L - a +6 ring of intelligence (on tentacle)
 N - a ring of positive energy (on tentacle) {rN+}
 Q - the ring "Tyxt" (on tentacle) {Wiz rElec Will+ Dex+4 Slay+3}
   (You took it off a deep elf annihilator on level 3 of the Elven Halls)

   [ring of wizardry]

   It improves your spell success rate.
   Dex:       It affects your dexterity (+4).
   Slay:      It affects your accuracy & damage with ranged weapons and melee
   (+3).
   rElec:     It insulates you from electricity.
   Will:      It increases your willpower.
 R - an amulet of regeneration (around mantle)
 S - a ring of see invisible (left tentacle)
 X - a ring of willpower (on tentacle)
Wands
 j - a wand of mindburst (14)
 D - a wand of digging (4)
 E - a wand of acid (8)
 G - a wand of charming (14)
 J - a wand of iceblast (3)
 U - a wand of polymorph (13)
Scrolls
 a - 2 scrolls of immolation {unknown}
 d - 4 scrolls of vulnerability {!r!r}
 e - 3 scrolls of fear
 f - 3 scrolls of fog
 i - a scroll of magic mapping {unknown}
 k - 4 scrolls of amnesia
 n - 2 scrolls of noise {unknown}
 r - 2 scrolls of holy word {!r}
 t - 11 scrolls of teleportation
 u - a scroll of enchant armour {unknown}
 v - 5 scrolls of brand weapon
 w - 2 scrolls of torment {!r}
 B - a scroll of blinking {!r}
 K - 7 scrolls of enchant weapon
Potions
 b - 6 potions of attraction {!q}
 c - 2 potions of heal wounds
 g - 3 potions of brilliance
 h - 3 potions of resistance
 m - 5 potions of lignification {!q}
 q - 10 potions of curing
 s - 5 potions of cancellation
 y - a potion of flight
 C - 3 potions of berserk rage {!q}
 H - 4 potions of haste
 M - 11 potions of ambrosia
 O - 5 potions of mutation {!q}
 Y - 2 potions of invisibility
 Z - 3 potions of might
Miscellaneous
 l - a box of beasts
 P - a phial of floods


   Skills:
 - Level 6.0 Fighting
 - Level 5.3 Dodging
 - Level 8.1 Stealth
 - Level 5.1 Shields
 + Level 14.6 Spellcasting
 - Level 14.0 Conjurations
 - Level 11.0 Hexes
 - Level 2.0 Translocations
 - Level 5.0 Transmutations
 - Level 8.5 Fire Magic
 - Level 10.0 Earth Magic
 - Level 10.0 Poison Magic
 - Level 10.0 Evocations


You had 8 spell levels left.
You knew the following spells:

 Your Spells              Type           Power      Damage    Failure   Level
a - Tukima's Dance        Hex            84%        N/A       1%          3
b - Poisonous Vapours     Pois/Air       100%       N/A       1%          2
c - Olgreb's Toxic Radia  Pois           81%        N/A       1%          4
d - Yara's Violent Unrav  Hex/Tmut       36%        3d15      1%          5
e - Blink                 Tloc           86%        N/A       1%          2
f - Stone Arrow           Conj/Erth      100%       3d13      1%          3
g - Ignite Poison         Fire/Tmut/Pois 92%        N/A       1%          3
h - Fireball              Conj/Fire      53%        3d21      1%          5
w - Passwall              Tmut/Erth      59%        N/A       1%          2
x - Mephitic Cloud        Conj/Pois/Air  73%        N/A       1%          3
z - Lee's Rapid Deconstr  Erth           40%        3d21*     1%          5

Your spell library contained the following spells:

 Spells                   Type           Power      Damage    Failure   Level
 Ignition                 Fire           47%        3d13      52%         8
 Animate Skeleton         Necr           54%        N/A       1%          1
 Apportation              Tloc           86%        N/A       1%          1
 Pain                     Necr           100%       1d9       1%          1
 Sandblast                Erth           100%       2d20      1%          1
 Shock                    Conj/Air       100%       1d9       1%          1
 Sting                    Tmut/Pois      100%       1d8       1%          1
 Summon Small Mammal      Summ           100%       N/A       1%          1
 Confusing Touch          Hex            84%        N/A       1%          3
 Dazzling Flash           Conj/Hex       100%       N/A       1%          3
 Anguish                  Hex/Necr       31%        N/A       1%          4
 Iskenderun's Mystic Bla  Conj/Tloc      73%        2d15      1%          4
 Iskenderun's Battlesphe  Conj           94%        2d14      1%          5
 Starburst                Conj/Fire      53%        6d14      1%          6
 Orb of Destruction       Conj           47%        9d12      1%          7
 Corpse Rot               Necr/Air       54%        N/A       2%          2
 Conjure Ball Lightning   Conj/Air       34%        3x3d11    3%          6
 Swiftness                Air            27%        N/A       4%          3
 Airstrike                Air            13%        N/A       4%          4
 Silence                  Hex/Air        31%        N/A       4%          5
 Passage of Golubria      Tloc           43%        N/A       6%          4
 Enfeeble                 Hex            42%        N/A       13%         7
 Animate Dead             Necr           13%        N/A       14%         4
 Summon Lightning Spire   Summ/Air       27%        N/A       14%         4
 Manifold Assault         Tloc           43%        N/A       16%         5
 Lehudib's Crystal Spear  Conj/Erth      43%        10d11     17%         8
 Agony                    Necr           27%        N/A       36%         5
 Excruciating Wounds      Necr           13%        N/A       36%         5
 Simulacrum               Ice/Necr       13%        N/A       89%         6
 Storm Form               Tmut/Air       23%        N/A       98%         7
 Haunt                    Necr/Summ      13%        N/A       100%        7
 Infestation              Necr           13%        N/A       100%        8
 Maxwell's Capacitive Co  Air            13%        ∞         100%        8


Dungeon Overview and Level Annotations

Branches:
Dungeon (11/15)            Temple (1/1) D:5            Lair (6/6) D:9
  Swamp (0/4) Lair:2       Spider (0/4) Lair:4        Slime (0/5) Lair:5
    Orc (2/2) D:11            Elf (3/3) Orc:2       Ossuary (visited)
  IceCv (visited)

Altars:
Ashenzari
Cheibriados
Dithmenos
Fedhas
Gozag
Hepliaklqana
Kikubaaqudgha
Makhleb
Nemelex Xobeh
Okawaru
Qazlal
Ru
Sif Muna
Trog
Uskayaw
Vehumet
Wu Jian
Xom
Yredelemnul
Zin
Beogh

Shops:
D:2 :   D:4 (((   D:6 :   D:10 *   Orc:2 (*([=   Elf:2 (

Portals:
Trove: D:11 (give +6 demon trident)

Annotations:
Elf:1 3 runed translucent doors, exclusion: obsidian statue, Vohiat's ghost, adept DsIE


Innate Abilities, Weirdness & Mutations

You cannot wear most types of armour.
You are amphibious.
You can wear up to eight rings at the same time.
Your skin changes colour to match your surroundings (Stealth+).
Your rubbery body absorbs attacks. (AC +1, EV +1)
((You are camouflaged when in or above water. (Stealth+)))
You have tentacles for arms and can constrict up to eight enemies at once.
Your mind is acute. (Int +2)
You are strong-willed. (Will+)


Message History

Poisonous vapours surround the deep elf annihilator!
The deep elf annihilator is poisoned.
The deep elf annihilator shouts!
You now have 42/44 mp.
Aim: a deep elf annihilator, wielding a +0 rapier (lightly wounded, very poisoned) Poisonous vapours surround the deep elf annihilator!
The deep elf annihilator looks as sick as possible!
You now have 41/44 mp.
You feel a surge of power!
You ignite the poison in your surroundings!
The deep elf annihilator seems to burn from within!!!
You kill the deep elf annihilator!
You feel your power returning.
You start resting.
MP restored: 44
Things that are here:
a +0 rapier; an elf corpse
Things that are here:
a +0 long sword; an elf corpse A deep elf master archer comes into view.
Aim: a deep elf master archer, wearing a +0 scale mail and quivering stones (wandering, hasn't noticed you) Poisonous vapours surround the deep elf master archer!
The deep elf master archer is poisoned.
The deep elf master archer shouts!
The deep elf master archer wields a +0 longbow.
The deep elf master archer shoots an arrow.
The arrow hits you!!!
You take 37 damage, and have 68/105 hp.
MASSIVE DAMAGE!!
You now have 42/44 mp.
Unknown command.
Aim: a deep elf master archer, wielding a +0 longbow, wearing a +0 scale mail and quivering stones (lightly wounded, very poisoned) Poisonous vapours surround the deep elf master archer!
The deep elf master archer looks as sick as possible!
The deep elf master archer shoots an arrow.
The arrow hits you!!
* * * LOW HITPOINT WARNING * * *
The deep elf master archer shoots an arrow.
The arrow hits you!!!
You die...

##.......# .......
#.......## .⌠.....
##......##
#.......#
##.......#
#........#
#..))....#
##########......⌠.#
........##......@.#
#######..))...#...#
####....##'##
#....##.e.
#.....##...
##.^...##:.
#......### #......
......


You could see a deep elf master archer (extremely poisoned).

Levels and vault maps discovered:
D:1:      dpeg_arrival_windows_large_door, layout_loops_cross
D:2:      layout_rooms, serial_shops, nicolae_shop_behind_doors, uniq_sigmund
D:3:      layout_rooms, minitemple, chequers_ecumenical_altar_twisty,
          corexii_shack, hangedman_decor_push, uniq_jessica
D:4:      layout_basic, serial_shops, shop, nicolae_shop_bloodbath_and_beyond,
          shop, gammafunk_ghost_nasty_kobolds, uniq_eustachio
D:5:      layout_basic, nicolae_overflow_hidden_temple,
          minmay_temple_entry_statues_pillars, gup_ossuary_entry_pyramid,
          nrook_mini_backslash, minivault_25, serial_bayou_pond_a,
          dk_noncrumbling_3, nicolae_elevator_lobby_plus, uniq_blork_the_orc,
          uniq_pikel
D:6:      layout_basic, serial_shops, shop, ebering_ghost_disaster_area
D:7:      lemuel_slime, layout_cave_pools, hellmonk_guarded_unrand_night
D:8:      layout_cave_pods
D:9:      layout_gridville, david_lair_shrubbed, st_stairs_13,
          small_chamber_with_monster, hangedman_feature_mirror,
          columned_hall_lemuel, serial_bayou_pond_a, uniq_erolcha, uniq_maggie
D:10:     minmay_blocky_corners, layout_irregular_city, evilmike_ruin_ashenzari,
          serial_shops, shop
D:11:     layout_long_grid, david_orc_2, nicolae_trove_entry_path_of_doom
Temple:   bh_familiar_temple
Lair:1:   layout_layer_cave, grunt_forest_large_clearings, uniq_nergalle
Lair:2:   layout_cave_shapes, palyth_hydra_swamp_entry,
          portal_ice_cave_entry_ice_simulacra
Lair:3:   layout_layer_cave, lemuel_fruit_tree, grunt_megastairs_4,
          uniq_gastronok
Lair:4:   beast_lair_carwin_large_3, layout_hall_layers,
          hellmonk_spider_entry_not_the_bees, special_room [special_room_bee],
          nzn_sisyphean_effort
Lair:5:   layout_long_grid, minmay_slime_entry_eyes
Lair:6:   hangedman_lair_caniforms_friends, layout_misc_corridors, special_room
          [special_room_mythical_zoo], grunt_forest_stairs_basic,
          nicolae_lair_yak_garden
Orc:1:    layout_caves
Orc:2:    grunt_orc_cross, layout_caves, serial_shops,
          nicolae_shop_hallway_plus, nicolae_orc_stony_grotto
Elf:1:    layout_geoelf_grid, ebering_ghost_gozag, minmay_elf_necromancy,
          hangedman_elf_power_crystal
Elf:2:    nicolae_elf_blades_crystal_corner, layout_loops_corners, serial_shops,
          nicolae_stop_n_shop_2, minivault_27, uniq_jorgrun
Elf:3:    grunt_elf_hall_spiral, layout_geoelf_diagonals, basic_altar

Notes
Turn   | Place    | Note
-------+----------+-------------------------------------------
     0 | D:1      | Azmakalis the Octopode Venom Mage began the quest for the
                  | Orb.
     0 | D:1      | Reached XP level 1. HP: 11/11 MP: 3/3
    57 | D:1      | Identified a +0 hunting sling
   180 | D:1      | Identified a +0 battleaxe
   192 | D:1      | Identified an amulet of regeneration
   228 | D:1      | Identified an amulet of faith
   231 | D:1      | Reached skill level 4 in Poison Magic
   258 | D:1      | Identified a +0 pair of boots
   294 | D:1      | Reached XP level 2. HP: 17/17 MP: 5/5
   295 | D:1      | Identified a +0 short sword
   305 | D:1      | Learned a level 2 spell: Poisonous Vapours
   346 | D:1      | Identified a +0 dagger
   370 | D:1      | Identified a +0 whip
   432 | D:1      | Identified a +0 dagger
   571 | D:1      | Identified a +0 leather armour
   644 | D:2      | Identified a +0 club
   686 | D:2      | Reached skill level 5 in Poison Magic
   686 | D:2      | Reached XP level 3. HP: 21/21 MP: 6/6
   695 | D:2      | Learned a level 3 spell: Mephitic Cloud
   712 | D:2      | Identified a +0 dagger
   736 | D:2      | Identified a ring of see invisible
   790 | D:2      | Identified a +0 dagger
   809 | D:2      | Identified a +0 spear
   838 | D:2      | Identified a +0 scythe
   838 | D:2      | Identified a +2 robe of willpower
   838 | D:2      | Noticed Sigmund
   860 | D:2      | Identified a +0 short sword of draining
   920 | D:2      | Found Ibacruj's Book Shop.
  1016 | D:2      | Identified a +0 club
  1017 | D:2      | Identified a +0 dagger
  1036 | D:2      | Identified a ring of magical power
  1113 | D:2      | Identified a +0 club
  1328 | D:2      | Killed Sigmund
  1329 | D:2      | Reached skill level 7 in Poison Magic
  1329 | D:2      | Reached XP level 4. HP: 19/27 MP: 5/7
  1329 | D:2      | Reached XP level 5. HP: 21/31 MP: 5/8
  1423 | D:3      | Identified a +0 dagger
  1423 | D:3      | Identified a +0 club
  1472 | D:3      | Found a faded altar of an unknown god.
  1487 | D:3      | Found a basalt altar of Yredelemnul.
  1540 | D:3      | Reached XP level 6. HP: 27/36 MP: 9/9
  1580 | D:3      | Identified a +0 dagger
  1717 | D:3      | Found a blossoming altar of Fedhas.
  1717 | D:3      | Found a hide-covered altar of Uskayaw.
  1717 | D:3      | Found a shimmering altar of Xom.
  1717 | D:3      | Found an opulent altar of Gozag.
  1718 | D:3      | Found an ancient bone altar of Kikubaaqudgha.
  1719 | D:3      | Found a burning altar of Makhleb.
  1722 | D:3      | Found a hazy altar of Hepliaklqana.
  1723 | D:3      | Found a shadowy altar of Dithmenos.
  1823 | D:3      | Identified a +0 dagger
  1828 | D:3      | Reached skill level 8 in Poison Magic
  1837 | D:3      | Identified a +0 dagger
  1837 | D:3      | Identified a +0 robe
  1837 | D:3      | Noticed Jessica
  1846 | D:3      | Killed Jessica
  1978 | D:3      | Identified 3 scrolls of vulnerability
  1979 | D:3      | Identified 3 scrolls of identify
  1979 | D:3      | Identified 3 potions of heal wounds
  1980 | D:3      | Identified 2 potions of mutation
  1981 | D:3      | Gained mutation: You tend to lose your temper in combat.
                  | [potion of mutation]
  1981 | D:3      | Gained mutation: Your muscles are strong. (Str +2) [potion
                  | of mutation]
  1981 | D:3      | Gained mutation: You are frail. (-10% HP) [potion of
                  | mutation]
  1982 | D:3      | Lost mutation: You tend to lose your temper in combat.
                  | [potion of mutation]
  1982 | D:3      | Lost mutation: Your muscles are strong. (Str +2) [potion of
                  | mutation]
  1982 | D:3      | Lost mutation: You are frail. (-10% HP) [potion of
                  | mutation]
  1982 | D:3      | Gained mutation: You are partially covered in iridescent
                  | scales. (AC +2) [potion of mutation]
  1982 | D:3      | Gained mutation: You are dopey. (Int -2) [potion of
                  | mutation]
  1982 | D:3      | Gained mutation: Your flesh is cold resistant. (rC+)
                  | [potion of mutation]
  1985 | D:4      | Identified 2 potions of lignification
  2008 | D:4      | Found Sappeo Seru's Weapon Shoppe.
  2046 | D:4      | Identified a +0 pair of gloves
  2076 | D:4      | Found Utzuergh's Antique Weapon Boutique.
  2107 | D:4      | Identified a ring of positive energy
  2144 | D:4      | Identified a +0 rapier
  2144 | D:4      | Identified a +0 leather armour
  2144 | D:4      | Noticed Eustachio
  2152 | D:4      | Killed Eustachio
  2153 | D:4      | Reached skill level 3 in Spellcasting
  2237 | D:4      | Reached skill level 4 in Spellcasting
  2237 | D:4      | Reached XP level 7. HP: 41/41 MP: 13/13
  2242 | D:4      | Learned a level 4 spell: Olgreb's Toxic Radiance
  2307 | D:4      | Identified a +0 ring mail
  2331 | D:4      | Identified a +2 dagger of venom
  2332 | D:4      | Found a runed translucent gate.
  2332 | D:4      | Identified a +0 short sword
  2332 | D:4      | Identified a +3 short sword of venom
  2332 | D:4      | Noticed nuaici's ghost (weakling GrVM)
  2333 | D:4      | Found a runed translucent gate.
  2333 | D:4      | Found a runed translucent gate.
  2333 | D:4      | Identified a +2 rapier of distortion
  2333 | D:4      | Identified a +0 short sword
  2333 | D:4      | Identified a +0 dagger
  2333 | D:4      | Identified a +0 short sword
  2333 | D:4      | Identified a +0 dagger of speed
  2334 | D:4      | Identified a +0 whip
  2335 | D:4      | Identified a +1 whip of pain
  2335 | D:4      | Identified a +0 dagger
  2350 | D:4      | Identified 2 potions of attraction
  2425 | D:4      | Identified a +6 ring of dexterity
  2703 | D:4      | Found Tuch's Weapon Shop.
  3099 | D:4      | Identified a +0 club
  3211 | D:5      | Entered Level 5 of the Dungeon
  3214 | D:5      | Identified a +0 falchion
  3223 | D:5      | Identified a +1 halberd of protection
  3236 | D:5      | Identified a +0 ring mail
  3244 | D:5      | Found a staircase to the Ecumenical Temple.
  3263 | D:5      | Found a sand-covered staircase.
  3289 | Ossuary  | Entered an ossuary
  3328 | Ossuary  | Learned a level 1 spell: Shock
  3430 | Ossuary  | Reached skill level 1 in Conjurations
  3504 | Ossuary  | Reached skill level 2 in Conjurations
  3580 | Ossuary  | Identified a +0 morningstar
  3604 | Temple   | Entered the Ecumenical Temple
  3681 | Temple   | Became a worshipper of Vehumet
  3744 | D:5      | Reached skill level 3 in Conjurations
  3805 | D:5      | Identified a +0 whip of electrocution
  3805 | D:5      | Identified a +0 robe
  3805 | D:5      | Noticed Pikel
  3840 | D:5      | Identified a +0 leather armour
  3957 | D:5      | Killed Pikel
  3958 | D:5      | Reached skill level 6 in Conjurations
  3958 | D:5      | Reached XP level 8. HP: 46/46 MP: 13/14
  4055 | D:5      | Identified 5 scrolls of teleportation
  4103 | D:5      | Identified a +0 giant spiked club
  4128 | D:5      | Learned a level 2 spell: Blink
  4166 | D:5      | Identified a +0 ring mail
  4207 | D:5      | Reached skill level 1 in Translocations
  4229 | D:5      | Found a sacrificial altar of Ru.
  4255 | D:5      | Reached skill level 2 in Translocations
  4278 | D:5      | Identified a +0 robe
  4278 | D:5      | Identified a +0 glaive
  4278 | D:5      | Identified a +0 robe
  4278 | D:5      | Noticed Blork the orc
  4283 | D:5      | Killed Blork the orc
  4284 | D:5      | Reached skill level 9 in Poison Magic
  4518 | D:5      | Identified a +0 whip
  4533 | D:5      | Identified a +0 chain mail
  4628 | D:5      | Identified a +0 mace
  5062 | D:6      | Identified a +1 falchion of holy wrath
  5151 | D:6      | Reached skill level 7 in Conjurations
  5151 | D:6      | Reached XP level 9. HP: 51/51 MP: 13/15
  5251 | D:6      | Identified a +0 ring mail
  5274 | D:6      | Identified a +0 spear
  5277 | D:6      | Identified a +0 club
  5277 | D:6      | Identified a +0 whip
  5283 | D:6      | Identified a +0 trident
  5284 | D:6      | Identified a +0 halberd
  5284 | D:6      | Identified a +0 plate armour
  5284 | D:6      | Identified a +1 dagger of protection
  5284 | D:6      | Identified a +0 robe
  5285 | D:6      | Identified a +0 trident
  5285 | D:6      | Identified a +0 hand crossbow of flaming
  5403 | D:6      | Identified a +0 pair of gloves
  5410 | D:6      | Identified a +0 giant spiked club
  5428 | D:6      | Reached * piety under Vehumet
  5428 | D:6      | Offered knowledge of Freeze by Vehumet.
  5452 | D:6      | Identified a +0 club
  5452 | D:6      | Identified a +0 scale mail
  5452 | D:6      | Identified a +0 trident
  5452 | D:6      | Identified a +0 leather armour
  5453 | D:6      | Identified a +0 trident
  5454 | D:6      | Identified a +0 hunting sling
  5454 | D:6      | Identified a +0 whip
  5454 | D:6      | Identified a +0 short sword
  5454 | D:6      | Identified a +0 leather armour
  5506 | D:6      | Reached skill level 10 in Poison Magic
  5543 | D:6      | Found Ypheo's Book Boutique.
  5551 | D:6      | Bought a book of Geomancy for 234 gold pieces
  5555 | D:6      | Learned a level 3 spell: Stone Arrow
  5563 | D:6      | Found a large runed translucent door.
  5563 | D:6      | Found a large runed translucent door.
  5567 | D:6      | Noticed Colgate's ghost (novice DsCj)
  5593 | D:6      | Identified a +0 short sword
  5593 | D:6      | Identified a +0 short sword
  5593 | D:6      | Identified a +0 short sword
  5593 | D:6      | Identified a +0 short sword
  5593 | D:6      | Identified a +0 whip
  5594 | D:6      | Identified a +0 whip
  5603 | D:6      | Reached skill level 8 in Conjurations
  5626 | D:6      | Identified a +0 giant spiked club
  5641 | D:6      | Reached skill level 1 in Earth Magic
  6028 | D:4      | Killed nuaici's ghost
  6211 | D:7      | Identified a +0 robe
  6247 | D:7      | Reached skill level 2 in Earth Magic
  6354 | D:7      | Identified a +0 short sword
  6354 | D:7      | Identified a +0 leather armour
  6358 | D:7      | Identified a +0 trident
  6489 | D:7      | Identified a +2 shortbow of freezing
  6496 | D:7      | Reached ** piety under Vehumet
  6496 | D:7      | Identified a +0 shortbow
  6497 | D:7      | Reached skill level 9 in Conjurations
  6503 | D:7      | Offered knowledge of Static Discharge by Vehumet.
  6505 | D:7      | Reached skill level 3 in Earth Magic
  6572 | D:7      | Identified a +4 great sword
  6572 | D:7      | Identified a +0 robe
  6611 | D:7      | Identified a +0 battleaxe
  6611 | D:7      | Identified a +0 robe
  6615 | D:7      | Identified a +2 morningstar
  6615 | D:7      | Identified a +0 robe
  6632 | D:7      | Identified a +2 dagger of freezing
  6632 | D:7      | Identified a +0 robe
  6633 | D:7      | Identified a +0 mace
  6633 | D:7      | Identified a +0 robe
  6844 | D:7      | Identified 4 potions of curing
  6906 | D:7      | Reached XP level 10. HP: 44/56 MP: 16/16
  7088 | D:7      | Reached skill level 10 in Conjurations
  7088 | D:7      | Reached skill level 4 in Earth Magic
  7168 | D:7      | Identified a +0 morningstar
  7284 | D:7      | Identified a +0 scale mail
  7327 | D:7      | Noticed an oklob plant
  7558 | D:7      | Found the +5 robe of Night {Dark Will+ SInv}
  7719 | D:8      | Identified +0 acid dragon scales
  7839 | D:8      | Identified a +0 shortbow
  7851 | D:8      | Identified a +1 short sword of holy wrath
  7851 | D:8      | Identified a +0 dagger
  7851 | D:8      | Identified a +0 robe
  7852 | D:8      | Identified a +0 dagger
  7852 | D:8      | Identified a +0 whip
  7854 | D:8      | Identified a +0 flail
  7910 | D:8      | Reached skill level 5 in Earth Magic
  7933 | D:8      | Identified a +0 spear
  7933 | D:8      | Identified a +0 ring mail
  7933 | D:8      | Identified a +0 flail
  7934 | D:8      | Identified a +0 flail
  7934 | D:8      | Identified a +0 halberd
  7938 | D:8      | Identified a +0 shortbow
  7943 | D:8      | Offered knowledge of Ignite Poison by Vehumet.
  8032 | D:8      | Identified a +0 giant spiked club
  8032 | D:8      | Identified a +0 dire flail
  8032 | D:8      | Noticed a two-headed ogre
  8056 | D:8      | Killed a two-headed ogre
  8057 | D:8      | Reached skill level 5 in Spellcasting
  8278 | D:8      | Identified a +0 flail
  8278 | D:8      | Identified a +0 club
  8278 | D:8      | Identified a +0 leather armour
  8278 | D:8      | Identified a +0 club
  8278 | D:8      | Identified a +0 leather armour
  8279 | D:8      | Identified a +0 dagger
  8279 | D:8      | Identified a +0 robe
  8279 | D:8      | Identified a +0 dagger
  8279 | D:8      | Identified a +0 robe
  8283 | D:8      | Reached *** piety under Vehumet
  8333 | D:8      | Identified a +0 leather armour
  8417 | D:8      | Identified a +0 quarterstaff
  8466 | D:8      | Identified a +0 scale mail
  8518 | D:8      | Identified a +0 robe
  8602 | D:8      | Identified a +0 ring mail
  8822 | D:9      | Identified a +0 giant spiked club
  8822 | D:9      | Identified a +0 robe
  8822 | D:9      | Noticed Erolcha
  8826 | D:9      | Identified a +0 short sword
  8827 | D:9      | Identified a +0 club
  8828 | D:9      | Killed Erolcha
  8829 | D:9      | Reached skill level 6 in Spellcasting
  8862 | D:9      | Identified a +0 short sword
  8862 | D:9      | Identified a +0 scale mail
  8934 | D:9      | Found a glowing silver altar of Zin.
  8935 | D:9      | Identified a +0 shortbow
  8939 | D:9      | Reached skill level 7 in Spellcasting
  8943 | D:9      | Learned a level 3 spell: Ignite Poison
  8993 | D:9      | Identified a +0 club
  8993 | D:9      | Identified a +0 leather armour
  9047 | D:9      | Found a staircase to the Lair.
  9114 | D:9      | Identified a +0 trident
  9118 | D:9      | Identified a +0 scimitar
  9118 | D:9      | Identified a +0 chain mail
  9118 | D:9      | Identified a +0 dagger
  9118 | D:9      | Identified a +0 robe
  9119 | D:9      | Identified a +0 hand axe
  9131 | D:9      | Reached XP level 11. HP: 45/61 MP: 22/22
  9240 | D:9      | Identified a +0 ring mail
  9276 | D:9      | Learned a level 5 spell: Fireball
  9282 | D:9      | Offered knowledge of Flame Wave by Vehumet.
  9283 | D:9      | Reached skill level 1 in Fire Magic
  9500 | D:9      | Found a glowing silver altar of Zin.
  9501 | D:9      | Identified a +0 shortbow
  9546 | D:9      | Identified a +0 halberd
  9546 | D:9      | Identified +0 swamp dragon scales
  9546 | D:9      | Noticed Maggie
  9572 | D:9      | Killed Maggie
  9573 | D:9      | Reached skill level 2 in Fire Magic
  9699 | D:9      | Identified a +0 giant club
  9699 | D:9      | Identified a +0 giant club
  9699 | D:9      | Noticed a two-headed ogre
  9726 | D:9      | Killed a two-headed ogre
  9727 | D:9      | Reached skill level 4 in Fire Magic
  9792 | D:9      | Identified a +0 dagger
  9792 | D:9      | Identified a +0 robe
  9792 | D:9      | Identified a +0 club
  9792 | D:9      | Identified a +0 scale mail
  9792 | D:9      | Identified a +0 trident
  9792 | D:9      | Identified a +0 flail
  9792 | D:9      | Identified a +0 ring mail
 10069 | D:6      | Killed Colgate's ghost
 10070 | D:6      | Reached skill level 5 in Fire Magic
 10240 | D:10     | Entered Level 10 of the Dungeon
 10291 | D:10     | Identified a +0 giant club
 10291 | D:10     | Identified a +0 giant spiked club
 10291 | D:10     | Noticed a two-headed ogre
 10304 | D:10     | Killed a two-headed ogre
 10305 | D:10     | Reached skill level 6 in Fire Magic
 10305 | D:10     | Identified 2 scrolls of amnesia
 10433 | D:10     | Upgraded the game from 0.29-a0-218-gf2abdc9806 to
                  | 0.29-a0-221-gceb61267dd
 10494 | D:10     | Reached skill level 7 in Fire Magic
 10533 | D:10     | Identified a +0 cloak
 10545 | D:10     | Found Uschesei's General Store.
 10553 | D:10     | Bought a scroll of identify for 26 gold pieces
 10553 | D:10     | Identified 4 potions of brilliance
 10561 | D:10     | Identified a +0 dagger
 10561 | D:10     | Identified a +0 robe
 10561 | D:10     | Identified a +0 war axe
 10561 | D:10     | Identified a +0 ring mail
 10561 | D:10     | Identified a +0 dagger
 10561 | D:10     | Identified a +0 hand axe
 10569 | D:10     | Reached **** piety under Vehumet
 10579 | D:10     | Found a broken altar of Ashenzari.
 10613 | D:10     | Identified a +0 giant spiked club
 10613 | D:10     | Identified a +0 giant spiked club
 10613 | D:10     | Noticed a two-headed ogre
 10636 | D:10     | Killed a two-headed ogre
 10945 | D:10     | Identified a +0 scimitar of flaming
 10946 | D:10     | Identified a +0 trident
 10946 | D:10     | Noticed a skeletal warrior
 10960 | D:10     | HP: 5/61 [efreet/bolt of fire (28)]
 10978 | D:10     | Noticed a boulder beetle
 10980 | D:10     | Reached skill level 8 in Fire Magic
 11033 | D:10     | Killed a boulder beetle
 11037 | D:10     | Learned a level 2 spell: Passwall
 11215 | D:10     | Identified a +0 long sword
 11215 | D:10     | Identified a +2 robe of positive energy
 11215 | D:10     | Noticed a deep elf pyromancer
 11314 | D:11     | Identified a +0 flail
 11329 | D:11     | Noticed a cyclops
 11456 | D:11     | Killed a cyclops
 11457 | D:11     | Reached skill level 2 in Transmutations
 11495 | D:11     | Noticed a manticore
 11499 | D:11     | Offered knowledge of Sticky Flame by Vehumet.
 11500 | D:11     | Reached skill level 3 in Transmutations
 11504 | D:11     | Killed a manticore
 11505 | D:11     | Reached skill level 8 in Spellcasting
 11505 | D:11     | Reached XP level 12. HP: 66/66 MP: 3/24
 11634 | D:11     | Noticed a five-headed hydra
 11641 | D:11     | Killed a five-headed hydra
 11773 | D:11     | Identified a +0 dagger
 11773 | D:11     | Identified a +0 robe
 11773 | D:11     | Identified a +0 hand axe
 11773 | D:11     | Identified a +0 leather armour
 11774 | D:11     | Identified a +0 hand axe
 11774 | D:11     | Identified a +0 chain mail
 11854 | D:11     | Identified a +0 ring mail
 11882 | D:11     | Identified a +0 whip
 11882 | D:11     | Identified a +0 dagger
 11883 | D:11     | Found a staircase to the Orcish Mines.
 11883 | D:11     | Identified a +0 flail
 11883 | D:11     | Identified a +0 ring mail
 11883 | D:11     | Identified a +0 club
 11883 | D:11     | Identified a +0 club
 11883 | D:11     | Identified a +0 mace
 11883 | D:11     | Identified a +0 leather armour
 11884 | D:11     | Identified a +0 battleaxe
 11884 | D:11     | Identified a +0 plate armour
 11884 | D:11     | Identified a +0 trident
 11885 | D:11     | Identified a +0 whip
 11915 | D:11     | Identified 3 potions of cancellation
 12035 | D:11     | Found a portal to a secret trove of treasure.
 12178 | D:11     | Identified a +0 spear
 12255 | D:11     | Identified a +0 barding
 12327 | D:11     | Identified a +0 trident
 12418 | Orc:1    | Entered Level 1 of the Orcish Mines
 12418 | Orc:1    | Identified a +0 giant spiked club
 12421 | Orc:1    | Identified a +0 giant spiked club
 12642 | D:7      | Identified a +0 spear
 12762 | D:2      | Bought a book of Maledictions for 442 gold pieces
 12766 | D:2      | Learned a level 3 spell: Tukima's Dance
 12989 | Orc:2    | Entered Level 2 of the Orcish Mines
 12989 | Orc:2    | Identified a +0 flail
 12989 | Orc:2    | Identified a +0 plate armour
 12989 | Orc:2    | Identified a +0 club
 12989 | Orc:2    | Identified a +0 mace
 12989 | Orc:2    | Identified a +0 leather armour
 12989 | Orc:2    | Identified a +0 falchion
 12989 | Orc:2    | Identified a +0 battleaxe
 12989 | Orc:2    | Identified a +0 plate armour
 12989 | Orc:2    | Identified a +0 club
 12989 | Orc:2    | Identified a +2 hand axe of draining
 12989 | Orc:2    | Identified a +0 falchion
 12989 | Orc:2    | Identified a +0 dire flail
 12989 | Orc:2    | Identified a +0 plate armour
 12989 | Orc:2    | Identified a +0 whip
 12989 | Orc:2    | Identified a +0 leather armour
 12989 | Orc:2    | Identified a +0 dagger of freezing
 12989 | Orc:2    | Identified a +2 robe of cold resistance
 12989 | Orc:2    | Identified a +0 vorpal dire flail
 12989 | Orc:2    | Identified a +0 chain mail
 12989 | Orc:2    | Identified a +0 hand axe
 12989 | Orc:2    | Identified a +0 leather armour
 12989 | Orc:2    | Identified a +0 dagger
 12989 | Orc:2    | Identified a +0 robe
 12989 | Orc:2    | Identified a +0 short sword
 12990 | Orc:2    | Identified a +0 giant club
 12990 | Orc:2    | Identified a +0 falchion
 12990 | Orc:2    | Identified a +0 leather armour
 12994 | Orc:2    | Found a staircase to the Elven Halls.
 13001 | Orc:2    | Identified a +0 club
 13002 | Orc:2    | Identified a +0 battleaxe
 13002 | Orc:2    | Identified a +0 plate armour
 13004 | Orc:2    | Identified a +0 whip
 13006 | Orc:2    | Identified a +0 dagger
 13011 | Orc:2    | Identified a +0 war axe
 13011 | Orc:2    | Identified a +0 chain mail
 13018 | Orc:2    | Identified a +0 dire flail
 13018 | Orc:2    | Identified a +0 chain mail
 13022 | Orc:2    | Reached skill level 1 in Hexes
 13063 | Orc:2    | Identified a +2 great sword
 13063 | Orc:2    | Identified a +0 chain mail
 13097 | Orc:2    | Identified a +0 battleaxe
 13097 | Orc:2    | Identified a +0 plate armour
 13099 | Orc:2    | Identified a +0 hand axe
 13099 | Orc:2    | Identified a +0 plate armour
 13122 | Orc:2    | Identified a +0 dagger
 13122 | Orc:2    | Identified a +0 scale mail
 13123 | Orc:2    | Identified a +1 great mace of protection
 13123 | Orc:2    | Identified a +0 scale mail
 13123 | Orc:2    | Noticed Urug
 13123 | Orc:2    | Identified a +2 long sword of holy wrath
 13123 | Orc:2    | Identified a +0 chain mail
 13123 | Orc:2    | Noticed Saint Roka
 13123 | Orc:2    | Identified a +0 short sword
 13123 | Orc:2    | Identified a +0 chain mail
 13123 | Orc:2    | Identified a +0 trident
 13123 | Orc:2    | Identified a +0 chain mail
 13123 | Orc:2    | Identified a +0 long sword
 13123 | Orc:2    | Identified a +0 plate armour
 13123 | Orc:2    | Identified a +0 dagger
 13123 | Orc:2    | Identified a +0 robe
 13213 | D:10     | Reached skill level 2 in Hexes
 13248 | Lair:1   | Entered Level 1 of the Lair of Beasts
 13253 | Lair:1   | Noticed a five-headed hydra
 13289 | Lair:1   | Killed a five-headed hydra
 13290 | Lair:1   | Reached skill level 3 in Hexes
 13385 | Lair:1   | Reached skill level 4 in Hexes
 13484 | Lair:1   | Reached skill level 5 in Hexes
 13604 | Lair:1   | Reached skill level 6 in Hexes
 13618 | Lair:1   | Reached skill level 7 in Hexes
 13725 | Lair:1   | Identified a +0 dagger
 13725 | Lair:1   | Identified a +0 robe
 13725 | Lair:1   | Noticed Nergalle
 13731 | Lair:1   | Killed Nergalle
 13731 | Lair:1   | Reached ***** piety under Vehumet
 13738 | Lair:1   | Reached skill level 8 in Hexes
 13907 | Lair:1   | Identified 3 potions of resistance
 14062 | Lair:1   | Offered knowledge of Iron Shot by Vehumet.
 14063 | Lair:1   | Reached skill level 1 in Evocations
 14188 | Lair:1   | Reached skill level 2 in Evocations
 14349 | Lair:1   | Noticed an eight-headed hydra
 14353 | Lair:1   | Killed an eight-headed hydra
 14354 | Lair:1   | Reached skill level 3 in Evocations
 15242 | Lair:2   | Reached skill level 4 in Evocations
 15247 | Lair:2   | Reached XP level 13. HP: 71/71 MP: 25/25
 15315 | Lair:2   | Lost mutation: You are dopey. (Int -2) [potion of mutation]
 15315 | Lair:2   | Lost mutation: Your flesh is cold resistant. (rC+) [potion
                  | of mutation]
 15315 | Lair:2   | Lost mutation: You are partially covered in iridescent
                  | scales. (AC +2) [potion of mutation]
 15315 | Lair:2   | Gained mutation: You are strong-willed. (Will+) [potion of
                  | mutation]
 15315 | Lair:2   | Gained mutation: Your mind is acute. (Int +2) [potion of
                  | mutation]
 15329 | Lair:2   | Identified an amulet of guardian spirit
 15361 | Lair:2   | Reached skill level 5 in Evocations
 15369 | Lair:2   | Reached skill level 9 in Spellcasting
 15378 | Lair:2   | Found a frozen archway.
 15420 | IceCv    | Entered an ice cave
 15538 | IceCv    | Reached skill level 10 in Spellcasting
 15547 | IceCv    | Learned a level 5 spell: Yara's Violent Unravelling
 15653 | IceCv    | Identified a +1 tower shield of cold resistance
 15682 | IceCv    | Reached skill level 9 in Hexes
 15970 | IceCv    | Identified 4 scrolls of brand weapon
 16122 | IceCv    | Identified a +0 kite shield of cold resistance
 16147 | IceCv    | Identified a +2 battleaxe of freezing
 16147 | IceCv    | Noticed a frost giant
 16153 | IceCv    | Reached skill level 10 in Hexes
 16153 | IceCv    | Killed a frost giant
 16175 | IceCv    | Identified a +0 falchion of freezing
 16178 | IceCv    | Identified a +1 trident of protection
 16184 | IceCv    | Identified the amulet "Zeebeisa" {Acrobat rC+ Int+4}
 16477 | Lair:2   | Identified 3 scrolls of enchant weapon
 16733 | Lair:2   | Reached skill level 11 in Hexes
 16764 | Lair:2   | HP: 17/71 [four-headed hydra (7)]
 16766 | Lair:2   | HP: 6/71 [four-headed hydra (9)]
 16942 | Lair:2   | Reached skill level 4 in Transmutations
 17017 | Lair:2   | Found a staircase to the Swamp.
 17129 | Lair:3   | Identified a +6 ring of intelligence
 17256 | Lair:3   | Reached skill level 5 in Transmutations
 17357 | Lair:3   | Offered knowledge of Spellforged Servitor by Vehumet.
 17359 | Lair:3   | Reached skill level 6 in Evocations
 17616 | Lair:3   | Identified a +2 hat
 17616 | Lair:3   | Noticed Gastronok
 17622 | Lair:3   | Killed Gastronok
 17623 | Lair:3   | Reached skill level 7 in Evocations
 17623 | Lair:3   | Reached XP level 14. HP: 76/76 MP: 23/28
 17722 | Lair:3   | Identified a ring of willpower
 18004 | Lair:3   | Identified a +0 scale mail
 18167 | Lair:4   | Reached skill level 8 in Evocations
 18365 | Lair:4   | Reached skill level 9 in Evocations
 18410 | Lair:4   | Identified 3 scrolls of fog
 18413 | Lair:4   | Found a hole to the Spider Nest.
 18413 | Lair:4   | Identified a +0 war axe
 18413 | Lair:4   | Identified a +0 leather armour
 18459 | Lair:4   | Reached skill level 10 in Evocations
 18629 | Lair:4   | Identified 3 potions of might
 18637 | Lair:4   | Reached skill level 1 in Fighting
 18911 | Lair:4   | Reached skill level 2 in Fighting
 18986 | Lair:4   | Identified a ring of wizardry
 18990 | Lair:4   | Identified a scarf of repulsion
 19011 | Lair:4   | Reached skill level 3 in Fighting
 19102 | Lair:4   | Reached skill level 4 in Fighting
 19304 | Lair:4   | Identified a +0 war axe
 19304 | Lair:4   | Identified a +0 robe
 19305 | Lair:4   | Identified a +0 war axe
 19305 | Lair:4   | Identified a +0 robe
 19308 | Lair:4   | Identified a +0 vampiric hand axe
 19308 | Lair:4   | Identified a +0 robe
 19312 | Lair:4   | Reached skill level 5 in Fighting
 19467 | Lair:4   | Identified 2 scrolls of holy word
 19622 | Lair:4   | Identified 2 scrolls of torment
 19798 | Lair:4   | Found a hole to the Spider Nest.
 20248 | Lair:5   | Reached skill level 6 in Fighting
 20379 | Lair:5   | Reached skill level 3 in Dodging
 20723 | Lair:5   | Found a staircase to the Slime Pits.
 20844 | Lair:5   | Reached skill level 4 in Dodging
 21473 | Lair:6   | Entered Level 6 of the Lair of Beasts
 21526 | Lair:6   | Reached skill level 5 in Dodging
 21558 | Lair:6   | Reached skill level 3 in Stealth
 21563 | Lair:6   | Reached skill level 4 in Stealth
 21564 | Lair:6   | Offered knowledge of Eringya's Noxious Bog by Vehumet.
 21565 | Lair:6   | Reached skill level 5 in Stealth
 21578 | Lair:6   | Reached skill level 6 in Stealth
 21578 | Lair:6   | Reached XP level 15. HP: 94/94 MP: 4/29
 21585 | Lair:6   | Reached skill level 7 in Stealth
 21702 | Lair:6   | Identified the +11 dagger of the Leaping Dove {flame,
                  | rCorr}
 21721 | Lair:6   | Identified a +0 pair of gloves
 21756 | Lair:6   | Reached skill level 8 in Stealth
 21879 | Lair:6   | Reached skill level 11 in Conjurations
 22518 | Lair:6   | Reached skill level 12 in Conjurations
 22698 | Lair:6   | Offered knowledge of Ozocubu's Refrigeration by Vehumet.
 22827 | Lair:6   | Identified a +0 leather armour
 22827 | Lair:6   | Identified a +0 chain mail
 22959 | Lair:6   | Identified a +0 quarterstaff
 23212 | Lair:6   | Identified a +0 ring mail
 23276 | Lair:6   | Identified a +0 glaive
 24106 | D:3      | Identified a +0 dagger
 24449 | Orc:1    | Identified a +0 giant spiked club
 24449 | Orc:1    | Identified a +0 short sword
 24449 | Orc:1    | Identified a +0 club
 24449 | Orc:1    | Identified a +0 leather armour
 24449 | Orc:1    | Identified a +0 glaive
 24449 | Orc:1    | Identified a +0 chain mail
 24449 | Orc:1    | Identified a +0 giant spiked club
 24449 | Orc:1    | Identified a +0 whip
 24449 | Orc:1    | Identified a +0 trident
 24449 | Orc:1    | Identified a +0 chain mail
 24449 | Orc:1    | Identified a +0 whip
 24449 | Orc:1    | Identified a +0 trident of flaming
 24449 | Orc:1    | Identified a +0 flail
 24449 | Orc:1    | Identified a +0 giant club
 24449 | Orc:1    | Identified a +0 dagger
 24449 | Orc:1    | Identified a +0 robe
 24451 | Orc:1    | Identified a +0 hand axe
 24451 | Orc:1    | Identified a +0 short sword
 24451 | Orc:1    | Identified a +0 scale mail
 24453 | Orc:1    | Offered knowledge of Lee's Rapid Deconstruction by Vehumet.
 24453 | Orc:1    | Identified a +0 troll leather armour
 24454 | Orc:1    | Reached skill level 13 in Conjurations
 24454 | Orc:1    | Identified a +2 dagger of speed
 24454 | Orc:1    | Identified a +0 robe
 24459 | Orc:1    | Identified a +0 trident
 24459 | Orc:1    | Identified a +0 great mace
 24459 | Orc:1    | Identified a +0 chain mail
 24459 | Orc:1    | Noticed an orc warlord
 24461 | Orc:1    | Identified a +0 scimitar
 24461 | Orc:1    | Identified a +1 plate armour of cold resistance
 24464 | Orc:1    | Identified a +0 glaive
 24464 | Orc:1    | Identified a +0 chain mail
 24464 | Orc:1    | Identified a +0 falchion
 24464 | Orc:1    | Identified a +0 leather armour
 24466 | Orc:1    | Killed an orc warlord
 24466 | Orc:1    | Identified a +1 flail of protection
 24466 | Orc:1    | Identified a +0 chain mail
 24535 | Orc:1    | Identified a +1 dagger of protection
 24539 | Orc:1    | Identified a +0 mace
 24539 | Orc:1    | Identified a +0 leather armour
 24554 | Orc:1    | Identified a +0 whip
 24560 | Orc:1    | Identified a +0 giant spiked club
 24753 | Orc:2    | Identified a +0 war axe
 24753 | Orc:2    | Identified a +0 chain mail
 24753 | Orc:2    | Identified a +0 dagger
 24753 | Orc:2    | Identified a +0 robe
 24753 | Orc:2    | Identified a +0 dagger
 24753 | Orc:2    | Identified a +0 leather armour
 24753 | Orc:2    | Identified a +0 dagger
 24753 | Orc:2    | Identified a +0 leather armour
 24753 | Orc:2    | Identified a +0 flail
 24754 | Orc:2    | Identified a +0 dagger
 24754 | Orc:2    | Identified a +0 robe
 24790 | Orc:2    | Found Yhytighi's Antique Weapon Emporium.
 24807 | Orc:2    | Identified a +0 flail
 24810 | Orc:2    | Identified a +0 battleaxe
 24810 | Orc:2    | Identified a +0 plate armour
 24814 | Orc:2    | Identified a +0 dagger
 24816 | Orc:2    | Identified a +0 whip
 24816 | Orc:2    | Identified a +0 ring mail
 24882 | Orc:2    | Identified a +0 war axe
 24882 | Orc:2    | Identified a +0 chain mail
 24884 | Orc:2    | Identified a +0 dagger
 24884 | Orc:2    | Identified a +0 robe
 24884 | Orc:2    | Identified a +0 war axe
 24884 | Orc:2    | Identified a +0 plate armour
 24884 | Orc:2    | Identified a +0 trident of venom
 24884 | Orc:2    | Identified a +0 hand axe
 24888 | Orc:2    | Identified a +0 war axe
 24888 | Orc:2    | Identified a +0 chain mail
 24888 | Orc:2    | Identified a +0 giant spiked club
 24889 | Orc:2    | Identified a +0 dagger of holy wrath
 24889 | Orc:2    | Identified a +0 robe
 24889 | Orc:2    | Identified a +0 dagger
 24889 | Orc:2    | Identified a +0 robe
 24890 | Orc:2    | Identified a +0 short sword
 24890 | Orc:2    | Identified a +0 hand axe
 24891 | Orc:2    | Identified a +0 war axe
 24891 | Orc:2    | Identified a +0 chain mail
 24895 | Orc:2    | Identified a +0 scimitar
 24895 | Orc:2    | Identified a +0 plate armour
 24907 | Orc:2    | Identified a +0 dagger
 24907 | Orc:2    | Identified a +0 robe
 25022 | Orc:2    | Identified a +0 war axe
 25024 | Orc:2    | Identified a +0 club
 25027 | Orc:2    | Identified a +0 troll leather armour
 25031 | Orc:2    | Identified a +4 dagger
 25031 | Orc:2    | Identified a +0 robe
 25034 | Orc:2    | Reached skill level 11 in Spellcasting
 25038 | Orc:2    | Identified a +0 hand axe
 25038 | Orc:2    | Identified a +0 plate armour
 25046 | Orc:2    | Identified a +0 club
 25046 | Orc:2    | Identified a +1 leather armour of fire resistance
 25121 | Orc:2    | Identified a +0 battleaxe
 25121 | Orc:2    | Identified a +0 chain mail
 25121 | Orc:2    | Identified a +0 dagger
 25121 | Orc:2    | Identified a +0 robe
 25122 | Orc:2    | Identified a +0 hand axe
 25122 | Orc:2    | Identified a +0 leather armour
 25126 | Orc:2    | Identified a +0 dagger
 25126 | Orc:2    | Identified a +0 robe
 25129 | Orc:2    | Identified a +0 giant club
 25287 | Orc:2    | Identified a +0 dagger
 25287 | Orc:2    | Identified a +0 robe
 25303 | Orc:2    | Killed Saint Roka
 25401 | Orc:2    | Killed Urug
 25408 | Orc:2    | Learned a level 5 spell: Lee's Rapid Deconstruction
 25461 | Orc:2    | Identified a +0 dagger
 25461 | Orc:2    | Identified a +0 robe
 25462 | Orc:2    | Identified a +0 whip
 25464 | Orc:2    | Identified a +0 flail
 25464 | Orc:2    | Identified a +0 ring mail
 25466 | Orc:2    | Identified a +0 battleaxe
 25466 | Orc:2    | Identified a +0 plate armour
 25467 | Orc:2    | Identified a +0 long sword
 25467 | Orc:2    | Identified a +0 chain mail
 25469 | Orc:2    | Identified a +0 dire flail of protection
 25469 | Orc:2    | Identified a +0 plate armour
 25479 | Orc:2    | Identified a +0 hand axe
 25479 | Orc:2    | Identified a +0 plate armour
 25483 | Orc:2    | Identified a +2 vampiric dagger
 25483 | Orc:2    | Identified a +0 robe
 25535 | Orc:2    | Found Wonut's Jewellery Shop.
 25552 | Orc:2    | Found Archemuoc's Antique Armour Shop.
 25577 | Orc:2    | Bought a +4 ring of protection for 612 gold pieces
 25827 | Orc:2    | Found Lipif's General Store.
 25833 | Orc:2    | Bought a potion of curing for 33 gold pieces
 25833 | Orc:2    | Bought a scroll of teleportation for 33 gold pieces
 25833 | Orc:2    | Bought a potion of curing for 33 gold pieces
 25852 | Orc:2    | Found Secs's Antique Weapon Shop.
 25875 | Orc:2    | Bought a potion of invisibility for 88 gold pieces
 25929 | Orc:2    | Identified a +0 dagger of speed
 25929 | Orc:2    | Identified a +0 robe
 26148 | Elf:1    | Entered Level 1 of the Elven Halls
 26148 | Elf:1    | Identified a +0 short sword
 26148 | Elf:1    | Identified a +0 leather armour
 26148 | Elf:1    | Identified a +0 short sword
 26148 | Elf:1    | Identified a +0 leather armour
 26202 | Elf:1    | Identified a +0 short sword
 26202 | Elf:1    | Identified a +0 scale mail
 26212 | Elf:1    | Reached skill level 6 in Earth Magic
 26212 | Elf:1    | Reached XP level 16. HP: 99/99 MP: 31/31
 26242 | Elf:1    | Identified a +0 rapier
 26277 | Elf:1    | Identified a +0 ring mail of poison resistance
 26285 | Elf:1    | Identified a +0 long sword
 26285 | Elf:1    | Identified a +0 leather armour
 26285 | Elf:1    | Identified a +0 buckler
 26419 | Elf:1    | Found a runed translucent gate.
 26419 | Elf:1    | Found a runed translucent gate.
 26419 | Elf:1    | Found a runed translucent gate.
 26421 | Elf:1    | Found an opulent altar of Gozag.
 26422 | Elf:1    | Identified a +0 dagger
 26422 | Elf:1    | Identified a +0 shortbow
 26422 | Elf:1    | Identified a +0 leather armour
 26423 | Elf:1    | Identified a +0 short sword
 26424 | Elf:1    | Identified a +0 long sword
 26424 | Elf:1    | Noticed Vohiat's ghost (adept DsIE)
 26425 | Elf:1    | Identified a +0 rapier
 26433 | Elf:1    | Identified a +0 chain mail
 26528 | Elf:1    | Identified a +1 glaive of freezing
 26663 | Elf:1    | Identified a +0 dagger
 26663 | Elf:1    | Identified a +0 robe
 26678 | Elf:1    | Identified a +0 dagger
 26678 | Elf:1    | Identified a +0 robe
 26681 | Elf:1    | Reached skill level 7 in Earth Magic
 26682 | Elf:1    | Identified a +0 dagger
 26682 | Elf:1    | Identified a +0 robe
 26693 | Elf:1    | Identified a +0 long sword
 26693 | Elf:1    | Identified a +0 chain mail
 26740 | Elf:1    | Identified a +1 dagger of venom
 26740 | Elf:1    | Identified a +0 robe
 26754 | Elf:1    | Reached ****** piety under Vehumet
 26754 | Elf:1    | Offered knowledge of Lightning Bolt by Vehumet.
 26791 | Elf:1    | Identified a +0 dagger
 26791 | Elf:1    | Identified a +0 robe
 26792 | Elf:1    | Identified a +0 dagger
 26792 | Elf:1    | Identified a +0 robe
 26810 | Elf:1    | Got the Volume of Unholy Rites
 26914 | Elf:1    | Identified 4 scrolls of blinking
 26928 | Elf:1    | Identified a +0 dagger
 26950 | Elf:1    | Paralysed by an air elemental for 1 turns
 26990 | Elf:1    | Identified 3 potions of berserk rage
 27032 | Elf:1    | Identified a +2 flail of holy wrath
 27039 | Elf:1    | Reached skill level 8 in Earth Magic
 27123 | Elf:1    | Identified a +0 long sword
 27125 | Elf:1    | Identified a +2 short sword of protection
 27125 | Elf:1    | Identified a +0 longbow
 27125 | Elf:1    | Identified a +0 leather armour
 27227 | Elf:1    | Identified a +0 long sword
 27227 | Elf:1    | Identified a +0 chain mail
 27329 | Elf:1    | Identified a +0 leather armour
 27379 | Elf:2    | Identified a +2 long sword of holy wrath
 27381 | Elf:2    | Identified a +0 long sword
 27381 | Elf:2    | Identified a +0 leather armour
 27381 | Elf:2    | Identified a +2 buckler of resistance
 27381 | Elf:2    | Identified a +0 rapier
 27381 | Elf:2    | Identified a +0 chain mail
 27388 | Elf:2    | Identified a +0 dagger
 27388 | Elf:2    | Identified a +0 shortbow of freezing
 27388 | Elf:2    | Identified a +3 leather armour
 27391 | Elf:2    | Identified a +0 short sword
 27391 | Elf:2    | Identified a +0 leather armour
 27473 | Elf:2    | Identified a +0 long sword
 27477 | Elf:2    | Reached skill level 9 in Earth Magic
 27509 | Elf:2    | Identified a ring of protection from cold
 27561 | Elf:2    | Identified a +0 rapier
 27561 | Elf:2    | Noticed a deep elf demonologist
 27564 | Elf:2    | Killed a deep elf demonologist
 27676 | Elf:2    | Identified a +0 vorpal quarterstaff
 27676 | Elf:2    | Identified a +2 robe of willpower
 27676 | Elf:2    | Noticed Jorgrun
 27684 | Elf:2    | Killed Jorgrun
 27691 | Elf:2    | Identified a +6 dagger
 27692 | Elf:2    | Identified a +0 falchion
 27793 | Elf:2    | Found Vuiteras's Antique Weapon Shoppe.
 27879 | Elf:2    | Identified a +0 helmet
 27904 | Elf:2    | Identified a +0 scale mail
 27922 | Elf:2    | Identified a +0 dagger
 27922 | Elf:2    | Identified a +0 longbow
 27922 | Elf:2    | Identified a +0 leather armour
 27922 | Elf:2    | Identified a ring of protection from fire
 28013 | Elf:2    | Identified a +0 long sword
 28123 | Elf:2    | Identified a +0 dire flail
 28123 | Elf:2    | Identified a +0 plate armour
 28128 | Elf:2    | Identified a +0 giant club
 28128 | Elf:2    | Identified a +0 hand axe
 28131 | Elf:2    | Identified a +0 hand axe
 28195 | Elf:2    | Identified a +4 dagger
 28229 | Elf:2    | Identified a +4 dagger
 28230 | Elf:2    | Reached skill level 10 in Earth Magic
 28264 | Elf:2    | Reached skill level 1 in Shields
 28298 | Elf:2    | Found a runed translucent gate.
 28299 | Elf:2    | Found a runed translucent gate.
 28299 | Elf:2    | Found a runed translucent gate.
 28322 | Elf:2    | Identified a +0 dagger
 28326 | Elf:2    | Reached skill level 2 in Shields
 28543 | Elf:2    | Identified a +0 scimitar
 28543 | Elf:2    | Identified a +0 leather armour
 28544 | Elf:2    | Identified a +0 rapier
 28549 | Elf:2    | Identified a +0 rapier
 28549 | Elf:2    | Identified a +0 rapier
 28549 | Elf:2    | Identified a +0 leather armour
 28549 | Elf:2    | Noticed a deep elf blademaster
 28549 | Elf:2    | Identified a +0 rapier of draining
 28549 | Elf:2    | Identified a +0 ring mail
 28586 | Elf:2    | Identified a +0 dagger
 28586 | Elf:2    | Identified a +0 leather armour
 28624 | Elf:2    | Identified a +0 vorpal long sword
 28630 | Elf:2    | Reached skill level 3 in Shields
 28685 | Elf:2    | Identified a +0 long sword
 28685 | Elf:2    | Identified a +0 shortbow
 28685 | Elf:2    | Identified a +0 leather armour
 28696 | Elf:2    | Identified a +0 long sword
 28696 | Elf:2    | Identified a +0 leather armour
 28697 | Elf:2    | Identified a +2 long sword of draining
 28697 | Elf:2    | Identified a +0 long sword
 28699 | Elf:2    | Identified a +5 short sword of venom
 28701 | Elf:2    | Identified a +2 scimitar of holy wrath
 28739 | Elf:2    | Reached skill level 4 in Shields
 28747 | Elf:2    | Identified a +0 vorpal battleaxe
 28803 | Elf:2    | Identified a +0 short sword
 28818 | Elf:2    | Reached skill level 5 in Shields
 28948 | Elf:2    | Identified a +2 halberd of freezing
 28994 | Elf:2    | Identified a +0 short sword
 28994 | Elf:2    | Identified a +0 shortbow
 28994 | Elf:2    | Identified a +0 chain mail
 28995 | Elf:2    | Identified a +0 vampiric long sword
 28995 | Elf:2    | Identified a +2 leather armour of cold resistance
 28996 | Elf:2    | Identified a +1 quick blade of venom
 28996 | Elf:2    | Identified a +2 glaive of venom
 29102 | Elf:2    | Identified a +0 rapier
 29107 | Elf:2    | Identified a +0 long sword
 29107 | Elf:2    | Identified a +0 chain mail
 29107 | Elf:2    | Identified a +0 buckler
 29110 | Elf:2    | Killed a deep elf blademaster
 29131 | Elf:2    | Identified a +2 long sword of holy wrath
 29131 | Elf:2    | Identified a +0 shortbow
 29134 | Elf:2    | Reached skill level 14 in Conjurations
 29184 | Elf:2    | Identified a +3 scimitar of holy wrath
 29185 | Elf:2    | Identified a +2 battleaxe of venom
 29186 | Elf:2    | Identified a +1 short sword of venom
 29193 | Elf:2    | HP: 24/99 [+3 scimitar of holy wrath (12)]
 29277 | Elf:2    | Identified a +0 dire flail of draining
 29340 | Elf:2    | Identified a +0 shortbow
 29343 | Elf:2    | Identified a +4 trident of protection
 29423 | Elf:2    | Identified a +2 eveningstar of draining
 29433 | Elf:2    | Reached skill level 12 in Spellcasting
 29634 | Elf:3    | Entered Level 3 of the Elven Halls
 29681 | Elf:3    | Identified a +0 long sword
 29742 | Elf:3    | Identified a +6 ring of strength
 29778 | Elf:3    | Identified a +0 long sword
 29778 | Elf:3    | Identified a +0 leather armour
 29778 | Elf:3    | Noticed a deep elf demonologist
 29780 | Elf:3    | Identified a +0 rapier
 29780 | Elf:3    | Identified a +0 leather armour
 29782 | Elf:3    | Killed a deep elf demonologist
 29801 | Elf:3    | Identified a +0 short sword
 29802 | Elf:3    | Identified a +0 short sword
 29802 | Elf:3    | Identified a +0 scale mail
 29802 | Elf:3    | Identified a +0 long sword
 29802 | Elf:3    | Identified a +0 ring mail
 29805 | Elf:3    | Identified a +0 long sword
 29857 | Elf:3    | Identified a +2 dagger of draining
 29859 | Elf:3    | Identified a +0 scimitar
 29862 | Elf:3    | Identified a +0 long sword
 29862 | Elf:3    | Identified a +0 leather armour
 29862 | Elf:3    | Identified a ring of fire
 29864 | Elf:3    | Identified a +0 long sword
 29864 | Elf:3    | Identified a +0 leather armour
 29864 | Elf:3    | Noticed a deep elf demonologist
 29865 | Elf:3    | Reached XP level 17. HP: 105/105 MP: 25/33
 29869 | Elf:3    | Noticed an Ice Fiend
 29869 | Elf:3    | Killed a deep elf demonologist
 29872 | Elf:3    | Identified a +0 rapier
 29872 | Elf:3    | Identified a +0 rapier
 29872 | Elf:3    | Identified a +0 leather armour
 29872 | Elf:3    | Noticed a deep elf blademaster
 29875 | Elf:3    | Identified a +0 dagger
 29875 | Elf:3    | Noticed a deep elf demonologist
 29876 | Elf:3    | Identified a +0 long sword
 29878 | Elf:3    | Noticed a Tzitzimitl
 29878 | Elf:3    | Killed a deep elf blademaster
 29882 | Elf:3    | Offered knowledge of Ignition by Vehumet.
 29882 | Elf:3    | Killed a deep elf demonologist
 29986 | Elf:3    | Identified a +1 short sword of venom
 29986 | Elf:3    | Identified a +0 leather armour
 30023 | Elf:3    | Identified a +0 long sword
 30023 | Elf:3    | Noticed a deep elf demonologist
 30027 | Elf:3    | Identified a +0 long sword
 30027 | Elf:3    | Identified a +0 short sword
 30027 | Elf:3    | Identified a +0 shortbow
 30031 | Elf:3    | Killed a deep elf demonologist
 30041 | Elf:3    | Reached skill level 13 in Spellcasting
 30083 | Elf:3    | Identified a +0 long sword
 30083 | Elf:3    | Identified a +0 scale mail
 30191 | Elf:3    | Identified a +0 long sword
 30200 | Elf:3    | Identified a +0 long sword
 30200 | Elf:3    | Identified a +0 leather armour
 30200 | Elf:3    | Identified the ring of Ungaan {rElec rF+ rN+++ Int-4
                  | Slay-3}
 30202 | Elf:3    | Identified a +1 flail of draining
 30214 | Elf:3    | Identified an amulet of magic regeneration
 30220 | Elf:3    | Identified a +2 flail of holy wrath
 30220 | Elf:3    | Identified a +0 leather armour
 30220 | Elf:3    | Identified the ring "Tyxt" {Wiz rElec Will+ Dex+4 Slay+3}
 30221 | Elf:3    | Identified a +0 long sword
 30343 | Elf:3    | Identified a +0 long sword
 30343 | Elf:3    | Identified a +0 ring mail
 30450 | Elf:3    | Identified a +5 scimitar of freezing
 30450 | Elf:3    | Identified a +0 scale mail
 30450 | Elf:3    | Noticed a deep elf sorcerer
 30472 | Elf:3    | Killed a deep elf sorcerer
 30522 | Elf:3    | Identified a +1 vorpal long sword
 30531 | Elf:3    | Identified a +0 long sword
 30531 | Elf:3    | Identified a +0 leather armour
 30531 | Elf:3    | Noticed a deep elf demonologist
 30555 | Elf:3    | Identified a ring of ice
 30556 | Elf:3    | Identified a +0 rapier
 30556 | Elf:3    | Identified a +0 leather armour
 30556 | Elf:3    | Noticed a deep elf demonologist
 30560 | Elf:3    | Identified a +0 short sword
 30560 | Elf:3    | Identified a +0 shortbow
 30560 | Elf:3    | Identified a +0 chain mail
 30560 | Elf:3    | Identified a +0 rapier
 30560 | Elf:3    | Identified a +0 leather armour
 30565 | Elf:3    | Identified a +0 trident
 30565 | Elf:3    | Killed a deep elf demonologist
 30568 | Elf:3    | Identified a +0 long sword
 30568 | Elf:3    | Identified a +0 chain mail
 30577 | Elf:3    | Killed a deep elf demonologist
 30578 | Elf:3    | Identified a +0 short sword
 30578 | Elf:3    | Identified a +0 short sword
 30578 | Elf:3    | Identified a +0 chain mail
 30578 | Elf:3    | Noticed a deep elf blademaster
 30588 | Elf:3    | Killed a deep elf blademaster
 30589 | Elf:3    | Reached skill level 14 in Spellcasting
 30683 | Elf:3    | Identified a +0 rapier
 30685 | Elf:3    | Identified a +0 long sword
 30733 | Elf:3    | Identified the +4 trident of the Hills {vamp, rElec rN++
                  | Str-4}
 30755 | Elf:3    | Identified a +2 falchion of draining
 30755 | Elf:3    | Identified a ring of poison resistance
 30755 | Elf:3    | Noticed a deep elf sorcerer
 30772 | Elf:3    | Killed a deep elf sorcerer
 30846 | Elf:3    | Identified 3 scrolls of fear
 30847 | Elf:3    | Identified a potion of flight
 30870 | Elf:3    | Found a radiant altar of Vehumet.
 30912 | Elf:3    | Identified a +0 long sword
 30912 | Elf:3    | Identified a +3 scale mail of fire resistance
 30915 | Elf:3    | Identified a +0 short sword
 30956 | Elf:3    | Identified a +0 long sword
 30987 | Elf:3    | Identified a +0 rapier
 30991 | Elf:3    | Identified a +0 long sword
 30991 | Elf:3    | Noticed a deep elf sorcerer
 30999 | Elf:3    | Killed a deep elf sorcerer
 31024 | Elf:3    | Identified a +0 longbow
 31024 | Elf:3    | Identified a +0 scale mail
 31024 | Elf:3    | Noticed a deep elf master archer
 31026 | Elf:3    | Shot with an arrow by a deep elf master archer

Table legend: (Time is in decaauts)
 A = Elapsed time spent in this place.
 B = Non-inter-level travel time spent in this place.
 C = Inter-level travel time spent in this place.
 D = Time resting spent in this place.
 E = Time spent auto-exploring this place.
 F = Levels seen in this place.
 G = Mean time per level.
                   A        B        C        D        E       F      G
               +--------+--------+--------+--------+--------+-----+--------+
         Total |  31162 |  29064 |   2098 |   3027 |  20068 |  25 | 1246.5 |
       Dungeon |  13079 |  11469 |   1610 |    347 |   9044 |  11 | 1189.0 |
        Temple |    103 |     78 |     25 |      0 |     57 |   1 |  103.0 |
          Lair |   9816 |   9533 |    283 |    987 |   6940 |   6 | 1636.0 |
  Orcish Mines |   2053 |   1976 |     77 |    470 |   1092 |   2 | 1026.5 |
   Elven Halls |   4876 |   4773 |    103 |   1152 |   2193 |   3 | 1625.3 |
       Ossuary |    335 |    335 |      0 |      0 |    121 |   1 |  335.0 |
      Ice Cave |    898 |    898 |      0 |     71 |    621 |   1 |  898.0 |
               +--------+--------+--------+--------+--------+-----+--------+

Top non-repeatable levels by time:
  Lair:6: 2345 daAuts
   Elf:2: 2258 daAuts
  Lair:4: 2087 daAuts
  Lair:1: 1927 daAuts
     D:7: 1649 daAuts
     D:5: 1589 daAuts
   Orc:2: 1473 daAuts
     D:4: 1420 daAuts
   Elf:3: 1390 daAuts
     D:8: 1356 daAuts
     D:9: 1271 daAuts
  Lair:5: 1266 daAuts
   Elf:1: 1227 daAuts
    D:11: 1210 daAuts
     D:6: 1203 daAuts

Table legend:
 A = Kills in this place as a percentage of kills in entire the game.
 B = Kills by you in this place as a percentage of kills by you in the entire game.
 C = Kills by friends in this place as a percentage of kills by friends in the entire game.
 D = Other kills in this place as a percentage of other kills in the entire game.
 E = Experience gained in this place as a percentage of experience gained in the entire game.
 F = Experience gained in this place divided by the number of levels of this place that you have seen.
                   A       B       C       D       E      F
               +-------+-------+-------+-------+-------+----------------------
         Total | 100.0 | 100.0 |   N/A | 100.0 | 100.0 | 8670.1
       Dungeon |  28.9 |  28.8 |   N/A | 100.0 |  10.0 | 1961.4
          Lair |  33.4 |  33.4 |   N/A |   0.0 |  33.1 | 11967.7
  Orcish Mines |  13.2 |  13.2 |   N/A |   0.0 |   9.3 | 10043.5
   Elven Halls |  13.9 |  14.0 |   N/A |   0.0 |  41.2 | 29765.3
       Ossuary |   4.6 |   4.6 |   N/A |   0.0 |   0.1 | 127.0
      Ice Cave |   6.0 |   6.0 |   N/A |   0.0 |   6.4 | 13862.0
               +-------+-------+-------+-------+-------+----------------------

Skill      XL: |  1  2  3  4  5  6  7  8  9 10 11 12 13 14 15 16 17 |
---------------+----------------------------------------------------+-----
Poison Magic   | 4 5 7 8 9 10 | 10.0
Spellcasting   | 4 7 8 10 11 12 14 | 14.6
Conjurations   | 6 7 9 10 13 14 | 14.0
Translocations | 2 |  2.0
Earth Magic    | 3 5 6 10 | 10.0
Fire Magic     | 8 |  8.5
Transmutations | 3 5 |  5.0
Hexes          | 8 11 | 11.0
Evocations     | 4 7 10 | 10.0
Fighting       | 6 |  6.0
Dodging        | 5 |  5.3
Stealth        | 6 8 |  8.1
Shields        | 5 |  5.1

Action                   |  1- 3 |  4- 6 |  7- 9 | 10-12 | 13-15 | 16-18 || total
-------------------------+-------+-------+-------+-------+-------+-------++-------
Melee: Battleaxe         |    43 |       |       |       |       |       ||    43
       Unarmed           |     4 |       |       |       |       |       ||     4
       Constrict         |    16 |     9 |    50 |    20 |    16 |     1 ||   112
       Tentacles         |    11 |     4 |    50 |    27 |    19 |     3 ||   114
       Short sword       |    19 |    35 |     6 |       |       |       ||    60
       Punch             |       |     1 |     3 |     1 |     1 |       ||     6
       Halberd           |       |       |    89 |       |       |       ||    89
       Whip              |       |       |    78 |    91 |    69 |    10 ||   248
 Cast: Sting             |     1 |       |       |       |       |       ||     1
       Poisonous Vapours |    12 |    12 |    49 |    36 |    87 |   135 ||   331
       Mephitic Cloud    |     1 |     2 |     5 |     9 |     2 |     1 ||    20
       Shock             |       |       |    18 |    13 |       |       ||    31
       Olgreb's Toxic Ra |       |       |    18 |    53 |    94 |     9 ||   174
       Stone Arrow       |       |       |    19 |   122 |   165 |    85 ||   391
       Ignite Poison     |       |       |       |    17 |    95 |    88 ||   200
       Fireball          |       |       |       |     8 |    55 |     3 ||    66
       Blink             |       |       |       |     4 |     4 |     1 ||     9
       Yara's Violent Un |       |       |       |       |    10 |     4 ||    14
       Tukima's Dance    |       |       |       |       |     1 |     1 ||     2
       Lee's Rapid Decon |       |       |       |       |       |    15 ||    15
Evoke: Wand              |       |       |       |     3 |     2 |     2 ||     7
       Phial of floods   |       |       |       |       |     1 |       ||     1
  Use: Scroll            |       |     4 |     3 |     7 |     8 |     7 ||    29
       Potion            |       |     2 |       |     2 |     6 |     1 ||    11
 Stab: Sleeping          |    12 |     4 |     5 |       |     1 |       ||    22
       Distracted        |       |       |     1 |     1 |     1 |       ||     3
       Confused          |       |       |     1 |     1 |       |       ||     2
Armor: Skin              |     5 |     2 |    30 |     9 |     6 |     8 ||    60
Dodge: Dodged            |    36 |    13 |    84 |    67 |    96 |    36 ||   332
Block: Kite shield       |       |       |       |       |       |    10 ||    10

Vanquished Creatures
  Saint Roka (Orc:2)
  Jorgrun (Elf:2)
  3 deep elf blademasters
  Gastronok (Lair:3)
  A frost giant (IceCv)
  An orc warlord (Orc:1)
  3 deep elf sorcerers (Elf:3)
  3 deep elf elementalists (Elf:3)
  7 deep elf demonologists
  9 deep elf annihilators (Elf:3)
  9 deep elf death magi
  2 deep elf high priests (Elf:3)
  10 hydras
  Erolcha (D:9)
  2 catoblepae
  An anaconda (Lair:4)
  2 boulder beetles
  14 death yaks
  4 two-headed ogres
  19 dancing weapons
  2 orc high priests
  Urug (Orc:2)
  Nergalle (Lair:1)
  13 deep elf knights
  3 deep elf archers
  4 orc knights (Orc:2)
  A lindwurm (Lair:4)
  14 deep elf zephyrmancers
  Pikel (D:5)
  6 necromancers (Elf:1)
  13 deep elf pyromancers
  2 manticores
  The ghost of Colgate the Destroyer, a novice DsCj of Sif Muna (D:6)
  7 orc sorcerers
  A large abomination (Elf:1)
  An oklob plant (D:7)
  2 cyclopes
  5 elephants (Lair:4)
  9 black mambas
  An ice statue (IceCv)
  An eye of devastation (Lair:5)
  2 torpor snails
  9 cane toads
  6 rime drakes
  Maggie (D:9)
  3 komodo dragons
  A guardian mummy (D:11)
  An efreet (D:10)
  A queen bee (Lair:4)
  23 polar bears
  4 trolls
  4 meliai (Lair:4)
  5 blink frogs (Lair:6)
  A raiju (Lair:6)
  11 dream sheep
  Sigmund (D:2)
  2 shadows (D:7)
  A water elemental (Elf:1)
  An air elemental (Elf:1)
  A wraith (D:9)
  Eustachio (D:4)
  2 fire elementals
  54 yaks
  15 wyverns
  7 basilisks
  4 vampire mosquitoes (D:11)
  2 steam dragons
  2 swamp worms (Lair:2)
  10 wargs
  3 acid dragons
  16 hell hounds (Lair:6)
  14 water moccasins
  A floating eye (Lair:5)
  2 sky beasts (D:7)
  31 orc warriors
  An ice beast (D:5)
  A necrophage (D:5)
  12 black bears
  13 ogres
  75 wolves
  6 centaurs
  3 lemures (D:5)
  3 kobold brigands
  An elf zombie (Elf:1)
  11 bullfrogs
  Blork the orc (D:5)
  3 earth elementals
  A gnoll sergeant (D:8)
  2 scorpions (D:5)
  5 wights (D:7)
  37 killer bees
  2 howler monkeys (D:11)
  The ghost of nuaici the Stinger, a weakling GrVM (D:4)
  A human zombie (Ossuary)
  A gnoll shaman (D:9)
  5 jellies
  12 orc priests
  Jessica (D:3)
  5 hell rats (Lair:6)
  6 iguanas
  19 orc wizards
  3 mummies
  3 adders
  6 gnolls
  A shadow imp (D:7)
  3 white imps
  2 adder zombies (Ossuary)
  3 worms
  2 dart slugs (D:3)
  65 orcs
  20 endoplasms
  3 giant cockroaches (D:1)
  10 goblins
  9 hobgoblins
  4 jackals (D:2)
  A quokka (D:2)
  9 ball pythons
  5 bats
  2 goblin zombies (Ossuary)
  9 hobgoblin zombies (Ossuary)
  2 jackal zombies (Ossuary)
  21 kobolds
  9 kobold zombies (Ossuary)
  9 orc zombies (Ossuary)
  3 rat zombies (Ossuary)
857 creatures vanquished.

Vanquished Creatures (others)
  18 fungi
  55 plants
73 creatures vanquished.

Grand Total: 930 creatures vanquished
